 Dungeon Crawl Stone Soup version 0.21-a0-401-g0b6bec4 (webtiles) character file.

321 Spazmo the Magician (level 6, -1/32 HPs)
             Began as a Deep Elf Fire Elementalist on Oct 24, 2017.
             Killed from afar by an orc wizard (4 damage)
             ... with a magic dart
             ... on level 4 of the Dungeon.
             The game lasted 00:10:01 (3023 turns).

Spazmo the Magician (Deep Elf Fire Elementalist)    Turns: 3023, Time: 00:10:02

Health: -1/32      AC:  5    Str:  5    XL:     6   Next: 22%
Magic:  1/16       EV: 13    Int: 22    God:
Gold:   81         SH:  0    Dex: 15    Spells: 5/15 levels left

rFire    + . .     SeeInvis .   q - +1 whip (elec)
rCold    + . .     Gourm    .   (no shield)
rNeg     . . .     Faith    .   a - +1 robe
rPois    .         Spirit   .   (no helmet)
rElec    .         Reflect  .   e - scarf {repulsion}
rCorr    .         Harm     .   p - +1 pair of gloves
MR       .....                  (no boots)
Stlth    ++........             (no amulet)
HPRegen  0.10/turn              l - ring of protection from cold
MPRegen  0.15/turn              i - ring of protection from fire

@: hasted, repel missiles, very quick
A: no striking features
a: no special abilities


You were on level 4 of the Dungeon.
You were not hungry.

You visited 1 branch of the dungeon, and saw 4 of its levels.

You collected 81 gold pieces.

Inventory:

Hand Weapons
 q - a +1 whip of electrocution (weapon)
Missiles
 f - 81 stones (quivered)
Armour
 a - a +1 robe (worn)
 e - a scarf of repulsion (worn)
 p - a +1 pair of gloves (worn)
Jewellery
 i - a ring of protection from fire (right hand)
 l - a ring of protection from cold (left hand)
 n - an uncursed ring of resist corrosion
Scrolls
 d - 3 scrolls of identify
 h - 3 scrolls of remove curse
 o - a scroll of magic mapping
 r - a scroll of enchant armour
 s - a scroll of recharging {unknown}
Potions
 j - 3 potions of haste
 k - a potion of flight
 m - a potion of heal wounds {unknown}
Books
 b - a book of Flames

   Spells                             Type                      Level
   a - Flame Tongue                   Conjuration/Fire             1
   b - Throw Flame                    Conjuration/Fire             2
   c - Conjure Flame                  Conjuration/Fire             3
   d - Inner Flame                    Hexes/Fire                   3
   e - Sticky Flame                   Conjuration/Fire             4
   f - Fireball                       Conjuration/Fire             5
Comestibles
 c - 2 bread rations


   Skills:
 - Level 3.0 Dodging
 - Level 3.1 Stealth
 + Level 5.3 Spellcasting
 + Level 3.8 Conjurations
 + Level 5.0 Fire Magic


You had 5 spell levels left.
You knew the following spells:

 Your Spells              Type           Power        Failure   Level  Hunger
a - Flame Tongue          Conj/Fire      ####.        1%          1    None
b - Throw Flame           Conj/Fire      ####..       2%          2    None
c - Conjure Flame         Conj/Fire      ####....     4%          3    ##.....
d - Sticky Flame          Conj/Fire      ####....     16%         4    ####...


Dungeon Overview and Level Annotations

Branches:
Dungeon (4/15)
 Temple: D:4-7

Altars:


Message History

Confirm with . or Enter, or press ? or * to list all spells.
Aiming: Flame Tongue
Press: ? - help, Shift-Dir - straight line, f/p - orc wizard
Aim: an orc wizard, wielding a dagger and wearing a robe (severely wounded)
The flame tongue hits the orc wizard.
You kill the orc wizard!
Your Fire Magic skill increases to level 5!
The orc wizard points at you and mumbles some strange words.
The magic dart hits you!
* * * LOW HITPOINT WARNING * * *
An orc comes into view. It is wielding a hand axe.
The orc shouts!
You feel yourself speed up.
All of the chunks of flesh in your inventory have rotted away.
The orc wizard gestures at you while chanting.
The magic dart hits you!
* * * LOW HITPOINT WARNING * * *
The orc wizard points at you and mumbles some strange words.
The magic dart hits you!
You die...

# # # # # #### # ..
..# # #.. #.# #
#..###@# #
.####...##.# #
.....#.##.# #
#.....##.# ##### #
#.....##.######...#
#
#...)..oo.........#
#
#.....##..#####...#
#
#.....##..######.##
#
###..).).........#
#


You could see an orc wizard and an orc.

Vanquished Creatures
  A scorpion (D:4)
  A howler monkey (D:4)
  2 orc wizards (D:4)
  An orc priest (D:4)
  A worker ant zombie (D:2)
  4 adders
  2 worms
  A dart slug (D:1)
  16 orcs
  2 ball pythons
  14 bats
  5 giant cockroaches
  7 goblins
  4 hobgoblins
  8 jackals
  10 kobolds
  2 frilled lizards
  A leopard gecko skeleton (D:4)
  6 rats
88 creatures vanquished.

Notes
Turn   | Place    | Note
-------+----------+-------------------------------------------
     0 | D:1      | Spazmo the Deep Elf Fire Elementalist began the quest for the Orb.
     0 | D:1      | Reached XP level 1. HP: 10/10 MP: 6/6
   105 | D:1      | Reached XP level 2. HP: 13/15 MP: 0/8
   375 | D:1      | Learned a level 2 spell: Throw Flame
   975 | D:2      | Reached XP level 3. HP: 19/19 MP: 6/9
   980 | D:2      | Learned a level 3 spell: Conjure Flame
  1244 | D:2      | Reached XP level 4. HP: 23/24 MP: 9/11
  1250 | D:2      | Learned a level 4 spell: Sticky Flame
  1809 | D:3      | Found a faded altar of an unknown god.
  2672 | D:4      | Reached XP level 5. HP: 28/28 MP: 5/13
  2782 | D:4      | Reached skill level 5 in Spellcasting
  2997 | D:4      | Reached XP level 6. HP: 30/32 MP: 5/15
  3013 | D:4      | Reached skill level 5 in Fire Magic
  3023 | D:4      | Killed from afar by an orc wizard

Vault maps used:
D:1:      evilmike_arrival_plus, minmay_pentomino_z2
D:3:      chequers_ecumenical_altar_island, first_bread, hangedman_decor_push
D:4:      minmay_snake_closets, uniq_ijyb

Skill      XL: |  1  2  3  4  5  6 |
---------------+-------------------+-----
Stealth        | 3 |  3.1
Dodging        | 3 |  3.0
Conjurations   | 2 3 |  3.8
Fire Magic     | 4 5 |  5.0
Spellcasting   | 4 5 |  5.3

Action                   |  1- 3 |  4- 6 || total
-------------------------+-------+-------++-------
Melee: Dagger            |    14 |       ||    14
       Short sword       |     1 |     1 ||     2
       Whip              |       |    11 ||    11
 Cast: Flame Tongue      |    57 |   115 ||   172
       Throw Flame       |       |     2 ||     2
  Use: Scroll            |     4 |     3 ||     7
       Potion            |     1 |     2 ||     3
 Stab: Sleeping          |       |     1 ||     1
  Eat: Chunk             |     1 |     5 ||     6
Armor: Robe              |    11 |    12 ||    23
Dodge: Dodged            |    25 |    44 ||    69
       Deflected         |       |     1 ||     1

Table legend:
 A = Spawn XP
 B = Non-spawn XP
 C = Spawn XP percentage of total XP
 D = Spawn monster count
 E = Non-spawn monster count
 F = Spawn count percentage of total count
 G = Total turns spent on level
                    A         B        C        D         E        F      G
               +---------+---------+-------+---------+---------+-------+---------
         Total |       0 |     459 |   0.0 |       0 |      88 |   0.0 |  3023
               +---------+---------+-------+---------+---------+-------+---------
           D:1 |       0 |      38 |   0.0 |       0 |      22 |   0.0 |   964
           D:2 |       0 |      81 |   0.0 |       0 |      25 |   0.0 |   757
           D:3 |       0 |      54 |   0.0 |       0 |      23 |   0.0 |   812
           D:4 |       0 |     286 |   0.0 |       0 |      18 |   0.0 |   490
               +---------+---------+-------+---------+---------+-------+---------
